SA
LAREDO HAWKS @ GRIM REAPERS
06/24/2042
 
TOP OF THE 1ST
Laredo Hawks batting - Pitching for Grim Reapers : LHP Radislav Ciger
Pitching: LHP Radislav Ciger
Batting: RHB Victor Jensen 0-0: Ball
1-0: Ball
2-0: Ball
3-0: Called Strike
3-1: Foul Ball, location: 2F
3-2: Strikes out swinging
Batting: LHB Kalino Iolana 0-0: Called Strike
0-1: Ball
1-1: Called Strike
1-2: SINGLE (Line Drive, 6MD, EV 95.6 MPH)
Batting: RHB Woody Maxwell 0-0: Ball
1-0: Ball
2-0: Ball
3-0: Called Strike
3-1: Called Strike
3-2: Strikes out looking
Batting: RHB Neung-uk Yi 0-0: Ball
1-0: Foul Ball, location: 2F
1-1: Ball
2-1: SINGLE (Flyball, 6D, EV 89.4 MPH)
Kalino Iolana to second
Batting: LHB Scott Beavis 0-0: 3-RUN HOME RUN (Flyball, 9D, EV 101.9 MPH), Distance : 387 ft
Batting: RHB Lynn Medlen 0-0: Ball
1-0: Foul Ball, location: 2F
1-1: Ball
2-1: Ball
3-1: Base on Balls
Batting: LHB João Lourenço 0-0: SINGLE (Line Drive, 6MD, EV 101.9 MPH)
Lynn Medlen to second
Batting: LHB George McLean 0-0: Ball
1-0: Swinging Strike
1-1: Foul Ball, location: 2F
1-2: Strikes out swinging
Top of the 1st over - 3 runs, 4 hits, 0 errors, 2 left on base; Laredo 3 - Grim 0
BOTTOM OF THE 1ST
Grim Reapers batting - Pitching for Laredo Hawks : RHP Gavriil Wolfson
Pitching: RHP Gavriil Wolfson
Batting: RHB Bao-tian Tong 0-0: Fly out, F9 (Flyball, 89D, EV 95.0 MPH)
Batting: RHB Yataro Nagai 0-0: Ball
1-0: Ground out U3 (Groundball, 3, EV 80.0 MPH)
Batting: LHB Pielgrzym Myslajek 0-0: Ball
1-0: Swinging Strike
1-1: Ball
2-1: Swinging Strike
2-2: Strikes out swinging
Bottom of the 1st over - 0 runs, 0 hits, 0 errors, 0 left on base; Laredo 3 - Grim 0
TOP OF THE 2ND
Laredo Hawks batting - Pitching for Grim Reapers : LHP Radislav Ciger
Batting: RHB Elwiin de Meij 0-0: Ground out 5-3 (Groundball, 56, EV 85.6 MPH)
Batting: RHB Victor Jensen 0-0: Ball
1-0: Ball
2-0: Called Strike
2-1: Foul Ball, location: 2F
2-2: Foul Ball, location: 2F
2-2: Foul Ball, location: 2F
2-2: Ball
3-2: Strikes out looking
Batting: LHB Kalino Iolana 0-0: Ball
1-0: Called Strike
1-1: Called Strike
1-2: Foul Ball, location: 2F
1-2: Ball
2-2: Foul Ball, location: 2F
2-2: Foul Ball, location: 2F
2-2: Fly out, F7 (Line Drive, 7, EV 85.6 MPH)
Top of the 2nd over - 0 runs, 0 hits, 0 errors, 0 left on base; Laredo 3 - Grim 0
BOTTOM OF THE 2ND
Grim Reapers batting - Pitching for Laredo Hawks : RHP Gavriil Wolfson
Batting: RHB Getoff Mylawn 0-0: Called Strike
0-1: Ball
1-1: Called Strike
1-2: Ball
2-2: Foul Ball, location: 2F
2-2: Strikes out swinging, 2-3 out at first.
Batting: SHB Danny Warner 0-0: Ball
1-0: Ball
2-0: Called Strike
2-1: Ball
3-1: Base on Balls
Batting: RHB Ron Burnett 0-0: Swinging Strike
0-1: Ball
1-1: Ball
2-1: Called Strike
2-2: Strikes out swinging
Batting: RHB Ron Lott 0-0: Called Strike
0-1: Ball
1-1: Called Strike
1-2: Foul Ball, location: 2F
1-2: Ball
2-2: Ground out 5-3 (Groundball, 56S, EV 85.0 MPH)
Bottom of the 2nd over - 0 runs, 0 hits, 0 errors, 1 left on base; Laredo 3 - Grim 0
TOP OF THE 3RD
Laredo Hawks batting - Pitching for Grim Reapers : LHP Radislav Ciger
Batting: RHB Woody Maxwell 0-0: Called Strike
0-1: Fly out, F4 (Popup, 34S, EV 70.0 MPH)
Batting: RHB Neung-uk Yi 0-0: Called Strike
0-1: Ball
1-1: Ball
2-1: Foul Ball, location: 2F
2-2: Foul Ball, location: 2F
2-2: Strikes out swinging
Batting: LHB Scott Beavis 0-0: Called Strike
0-1: Ball
1-1: Fly out, F5 (Popup, 56S, EV 76.9 MPH)
Top of the 3rd over - 0 runs, 0 hits, 0 errors, 0 left on base; Laredo 3 - Grim 0
BOTTOM OF THE 3RD
Grim Reapers batting - Pitching for Laredo Hawks : RHP Gavriil Wolfson
Batting: RHB Joe Gregory 0-0: SINGLE (Flyball, 78S, EV 88.8 MPH)
Batting: RHB Rocky Avery 0-0: Ball
1-0: Foul Ball, location: 2F
1-1: Fly out, F8 (Flyball, 8RD, EV 100.0 MPH)
Batting: RHB Bao-tian Tong 0-0: Foul Ball, location: 2F
0-1: Ball
1-1: Swinging Strike
1-2: Ball
2-2: Foul Ball, location: 2F
2-2: Ball
3-2: Foul Ball, location: 2F
3-2: Strikes out swinging
Batting: RHB Yataro Nagai 0-0: Called Strike
0-1: Ball
1-1: Foul Ball, location: 2F
1-2: Strikes out swinging
Bottom of the 3rd over - 0 runs, 1 hit, 0 errors, 1 left on base; Laredo 3 - Grim 0
TOP OF THE 4TH
Laredo Hawks batting - Pitching for Grim Reapers : LHP Radislav Ciger
Batting: RHB Lynn Medlen 0-0: Swinging Strike
0-1: Ball
1-1: Foul Ball, location: 2F
1-2: Strikes out looking
Batting: LHB João Lourenço 0-0: Ball
1-0: Called Strike
1-1: Swinging Strike
1-2: Strikes out swinging
Batting: LHB George McLean 0-0: Foul Ball, location: 2F
0-1: Foul Ball, location: 2F
0-2: Fly out, F9 (Flyball, 89M, EV 88.8 MPH)
Top of the 4th over - 0 runs, 0 hits, 0 errors, 0 left on base; Laredo 3 - Grim 0
BOTTOM OF THE 4TH
Grim Reapers batting - Pitching for Laredo Hawks : RHP Gavriil Wolfson
Batting: LHB Pielgrzym Myslajek 0-0: Ball
1-0: Foul Ball, location: 2F
1-1: Ground out 1-3 (Groundball, 13, EV 64.4 MPH)
Batting: RHB Getoff Mylawn 0-0: Ball
1-0: Ball
2-0: Called Strike
2-1: Foul Ball, location: 2F
2-2: Ball
3-2: Foul Ball, location: 2F
3-2: Strikes out swinging
Batting: SHB Danny Warner 0-0: Called Strike
0-1: Foul Ball, location: 2F
0-2: Ball
1-2: Foul Ball, location: 2F
1-2: Foul Ball, location: 2F
1-2: Ball
2-2: Foul Ball, location: 2F
2-2: Foul Ball, location: 2F
2-2: Ground out 5-3 (Groundball, 56, EV 85.0 MPH)
Bottom of the 4th over - 0 runs, 0 hits, 0 errors, 0 left on base; Laredo 3 - Grim 0
TOP OF THE 5TH
Laredo Hawks batting - Pitching for Grim Reapers : LHP Radislav Ciger
Batting: RHB Elwiin de Meij 0-0: Ball
1-0: SINGLE (Groundball, 56S, EV 70.6 MPH) (infield hit)
Batting: RHB Victor Jensen 0-0: Sac Bunt to 15S - play at first, batter OUT! 1-3
Elwiin de Meij to second
Batting: LHB Kalino Iolana 0-0: Ball
1-0: Called Strike
1-1: Ground out 1-3 (Groundball, 34S, EV 84.4 MPH)
Elwiin de Meij to third
Batting: RHB Woody Maxwell 0-0: Ball
1-0: Ball
2-0: Ball
3-0: TRIPLE (Flyball, 89XD, EV 94.4 MPH)
Elwiin de Meij scores
Batting: RHB Neung-uk Yi 0-0: Ball
1-0: Foul Ball, location: 2F
1-1: Ground out 4-3 (Groundball, 4, EV 105.6 MPH)
Top of the 5th over - 1 run, 2 hits, 0 errors, 1 left on base; Laredo 4 - Grim 0
BOTTOM OF THE 5TH
Grim Reapers batting - Pitching for Laredo Hawks : RHP Gavriil Wolfson
Batting: RHB Ron Burnett 0-0: Foul Ball, location: 2F
0-1: Ball
1-1: Swinging Strike
1-2: Ball
2-2: Strikes out swinging
Batting: RHB Ron Lott 0-0: Foul Ball, location: 2F
0-1: Ball
1-1: Ball
2-1: Foul Ball, location: 2F
2-2: Ball
3-2: Ground out 6-3 (Groundball, 56, EV 103.1 MPH)
Batting: RHB Joe Gregory 0-0: Ball
1-0: Fly out, F7 (Flyball, 7S, EV 78.8 MPH)
Bottom of the 5th over - 0 runs, 0 hits, 0 errors, 0 left on base; Laredo 4 - Grim 0
TOP OF THE 6TH
Laredo Hawks batting - Pitching for Grim Reapers : LHP Radislav Ciger
Batting: LHB Scott Beavis 0-0: Ball
1-0: Foul Ball, location: 2F
1-1: Called Strike
1-2: Ball
2-2: Foul Ball, location: 2F
2-2: Ball
3-2: Base on Balls
Pitching: RHP Leo Cassidy
Batting: RHB Lynn Medlen 0-0: Sac Bunt to 2R - play at first, batter OUT! 2-3
Scott Beavis to second
Batting: LHB João Lourenço 0-0: Ball
1-0: Ball
2-0: Foul Ball, location: 2F
2-1: Ball
3-1: Swinging Strike
3-2: Strikes out swinging
Batting: LHB George McLean 0-0: Ball
1-0: Fly out, F7 (Flyball, 7LS, EV 86.2 MPH)
Top of the 6th over - 0 runs, 0 hits, 0 errors, 1 left on base; Laredo 4 - Grim 0
BOTTOM OF THE 6TH
Grim Reapers batting - Pitching for Laredo Hawks : RHP Gavriil Wolfson
Batting: RHB Rocky Avery 0-0: Ball
1-0: Called Strike
1-1: Ball
2-1: Ball
3-1: Foul Ball, location: 2F
3-2: Base on Balls
Batting: RHB Bao-tian Tong 0-0: Foul Ball, location: 2F
0-1: Ball
1-1: DOUBLE (Line Drive, 78M, EV 113.1 MPH)
Rocky Avery to third
Pitching: RHP Sadaqat Ka'im
Batting: RHB Yataro Nagai 0-0: Called Strike
0-1: Swinging Strike
0-2: Foul Ball, location: 2F
0-2: Ball
1-2: Foul Ball, location: 2F
1-2: SINGLE (Line Drive, 8LM, EV 100.6 MPH)
Rocky Avery scores
Bao-tian Tong to third
Batting: LHB Pielgrzym Myslajek 0-0: Ball
1-0: Ball
2-0: DOUBLE (Flyball, 89D, EV 110.0 MPH)
Bao-tian Tong scores
Yataro Nagai to third
Pinch Runner at 2nd Mark Green:
Batting: RHB Getoff Mylawn 0-0: Ball
1-0: Swinging Strike
1-1: Ball
2-1: Foul Ball, location: 2F
2-2: Ball
3-2: Base on Balls
Batting: SHB Danny Warner 0-0: Called Strike
0-1: SINGLE (Groundball, 6M, EV 81.2 MPH) (infield hit)
Yataro Nagai scores
Mark Green to third
Getoff Mylawn to second
Batting: RHB Ron Burnett 0-0: Called Strike
0-1: SINGLE (Groundball, 4, EV 82.5 MPH) (infield hit)
Mark Green scores
Getoff Mylawn to third
Danny Warner to second
Batting: RHB Ron Lott 0-0: Called Strike
0-1: Called Strike
0-2: Ball
1-2: Ball
2-2: Ball
3-2: SINGLE (Groundball, 56D, EV 95.6 MPH)
Getoff Mylawn scores
Danny Warner to third
Ron Burnett to second
Pitching: RHP Eric Hurt
Batting: RHB Joe Gregory 0-0: Called Strike
0-1: Ball
1-1: SINGLE (Groundball, 56D, EV 105.6 MPH)
Danny Warner scores
Ron Burnett to third
Ron Lott to second
Batting: RHB Rocky Avery 0-0: Called Strike
0-1: SINGLE (Groundball, 4, EV 103.1 MPH) (infield hit)
Ron Burnett scores
Ron Lott to third
Joe Gregory to second
Batting: RHB Bao-tian Tong 0-0: Called Strike
0-1: Foul Ball, location: 2F
0-2: Fly out, F8 (Flyball, 8RD, EV 104.4 MPH)
Runner from 3rd tags up, SCORES, no throw by CF
Batting: RHB Yataro Nagai 0-0: SINGLE (Flyball, 89S, EV 88.8 MPH)
Joe Gregory to third
Rocky Avery to second
Runner from 3rd tries for Home, SAFE, throw by RF to home
Pitching: RHP Bill Gould
Batting: LHB Mark Green 0-0: Ball
1-0: Called Strike
1-1: Ball
2-1: Foul Ball, location: 2F
2-2: 3-RUN HOME RUN (Flyball, 9LD, EV 100.0 MPH), Distance : 337 ft
Batting: RHB Getoff Mylawn 0-0: Swinging Strike
0-1: Ball
1-1: Foul Ball, location: 2F
1-2: Ball
2-2: Strikes out swinging
Batting: SHB Danny Warner 0-0: Foul Ball, location: 2F
0-1: Called Strike
0-2: Strikes out swinging
Bottom of the 6th over - 12 runs, 10 hits, 0 errors, 0 left on base; Laredo 4 - Grim 12
TOP OF THE 7TH
Laredo Hawks batting - Pitching for Grim Reapers : RHP Leo Cassidy
Now at SS: Norihisa Kino
Pinch Hitting: RHB Tim Thompson 0-0: Called Strike
0-1: Foul Ball, location: 2F
0-2: Foul Ball, location: 2F
0-2: Strikes out looking
Pinch Hitting: RHB Brian Dyball 0-0: Ball
1-0: Ball
2-0: Called Strike
2-1: Ground out 1-3 (Groundball, 25, EV 74.4 MPH)
Batting: LHB Kalino Iolana 0-0: Called Strike
0-1: Ground out 4-3 (Groundball, 4, EV 105.6 MPH)
Top of the 7th over - 0 runs, 0 hits, 0 errors, 0 left on base; Laredo 4 - Grim 12
BOTTOM OF THE 7TH
Grim Reapers batting - Pitching for Laredo Hawks : RHP Bill Gould
Now at 2B: Tim Thompson
Now in RF: Brian Dyball
Batting: RHB Ron Burnett 0-0: Fly out, F8 (Flyball, 78M, EV 82.5 MPH)
Pinch Hitting: RHB Lang Tah 0-0: Ball
1-0: Ball
2-0: Called Strike
2-1: Foul Ball, location: 2F
2-2: Foul Ball, location: 2F
2-2: Ball
3-2: Fly out, F6 (Line Drive, 6, EV 68.1 MPH)
Batting: RHB Joe Gregory 0-0: Called Strike
0-1: Ball
1-1: Called Strike
1-2: Strikes out swinging
Bottom of the 7th over - 0 runs, 0 hits, 0 errors, 0 left on base; Laredo 4 - Grim 12
TOP OF THE 8TH
Laredo Hawks batting - Pitching for Grim Reapers : RHP Leo Cassidy
Now at 1B: Lang Tah
Batting: RHB Woody Maxwell 0-0: Ball
1-0: Foul Ball, location: 2F
1-1: Called Strike
1-2: Ball
2-2: Ball
3-2: Fly out, F4 (Popup, 4S, EV 74.4 MPH)
Pitching: RHP Domingo Galló
Pinch Hitting: RHB Geoff Sullivan 0-0: Ball
1-0: Ground out 4-3 (Groundball, 4, EV 80.0 MPH)
Batting: LHB Scott Beavis 0-0: Called Strike
0-1: Foul Ball, location: 2F
0-2: Ball
1-2: Strikes out swinging
Top of the 8th over - 0 runs, 0 hits, 0 errors, 0 left on base; Laredo 4 - Grim 12
BOTTOM OF THE 8TH
Grim Reapers batting - Pitching for Laredo Hawks : RHP Bill Gould
Now in LF: Dan Parker
Batting: RHB Rocky Avery 0-0: Ball
1-0: Called Strike
1-1: SINGLE (Groundball, 4MD, EV 105.0 MPH)
Batting: RHB Bao-tian Tong 0-0: Fielders Choice at 2nd, 3-6 (Groundball, 34S, EV 86.9 MPH)
Batting: RHB Yataro Nagai 0-0: Grounds into double play, 6-4-3 (Groundball, 6, EV 110.0 MPH)
Bottom of the 8th over - 0 runs, 1 hit, 0 errors, 0 left on base; Laredo 4 - Grim 12
TOP OF THE 9TH
Laredo Hawks batting - Pitching for Grim Reapers : RHP Domingo Galló
Batting: RHB Lynn Medlen 0-0: Ball
1-0: Ball
2-0: Foul Ball, location: 2F
2-1: Foul Ball, location: 2F
2-2: Ground out 6-3 (Groundball, 6, EV 92.5 MPH)
Batting: LHB João Lourenço 0-0: Swinging Strike
0-1: Foul Ball, location: 2F
0-2: Ground out 6-3 (Groundball, 56, EV 86.2 MPH)
Batting: LHB George McLean 0-0: Swinging Strike
0-1: Swinging Strike
0-2: Ball
1-2: Strikes out looking
Top of the 9th over - 0 runs, 0 hits, 0 errors, 0 left on base; Laredo 4 - Grim 12
Friday, March 26th, 2021 - OOTP Baseball 20.8 Build 74